 Dungeon Crawl Stone Soup version 0.26-a0-1013-gf6ffb0d6bd (webtiles) character file.

Game seed: 17103762011350134259

648 streetpizza the Conjurer (level 7, 0/57 HPs)
             Began as a Purple Draconian Conjurer on Dec 7, 2020.
             Splashed by a jelly's acid (5 damage)
             ... on level 5 of the Dungeon.
             The game lasted 00:14:08 (5296 turns).

streetpizza the Conjurer (DrCj)                     Turns: 5296, Time: 00:14:09

Health: 0/57       AC:  0    Str:  9    XL:     7   Next: 27%
Magic:  13/13      EV: 13    Int: 20    God:
Gold:   401        SH:  0    Dex: 10    Spells: 12/15 levels left

rFire    . . .     SeeInvis .   d - +2 hand axe (venom)
rCold    . . .     Faith    .   (no shield)
rNeg     . . .     Spirit   .   (armour unavailable)
rPois    .         Reflect  .   (helmet restricted)
rElec    .         Harm     .   s - +0 cloak
rCorr    .         Rampage  .   a - +0 pair of gloves
Will     +....                  (no boots)
Stlth    ++........             (no amulet)
HPRegen  0.19/turn              m - ring of wizardry
MPRegen  0.13/turn              (no ring)

@: short of breath, corroded, slowed, very slow
A: breathe power, unfitting armour, cold-blooded, AC +6
a: Breathe Dispelling Energy


You were on level 5 of the Dungeon.
You visited 1 branch of the dungeon, and saw 5 of its levels.

You collected 401 gold pieces.

Inventory:

Hand Weapons
 d - a +2 hand axe of venom (weapon)
 v - a +4 dagger
Missiles
 k - 28 poisoned darts (quivered)
Armour
 a - a +0 pair of gloves (worn)
 b - a scarf of invisibility
 o - a +0 buckler
 s - a +0 cloak (worn)
Jewellery
 m - a ring of wizardry (left hand)
Wands
 w - a wand of polymorph (3)
Scrolls
 c - 3 scrolls of amnesia {unknown}
 e - 2 scrolls of teleportation {unknown}
 f - 5 scrolls of identify {unknown}
 g - a scroll of noise {unknown}
 h - 3 scrolls of remove curse {unknown}
 l - 2 scrolls of fear {unknown}
 n - a scroll of enchant weapon {unknown}
 r - a scroll of fog {unknown}
 t - 3 scrolls of enchant armour {unknown}
Potions
 i - 2 potions of curing {unknown}
 j - 3 potions of attraction {unknown}
 p - 3 potions of heal wounds
 q - 2 potions of degeneration {unknown}
 u - a potion of mutation {unknown}


   Skills:
 + Level 3.5 Fighting
 + Level 3.6 Dodging
 - Level 1.7 Stealth
 + Level 4.5 Spellcasting
 * Level 6.4 Conjurations


You had 12 spell levels left.
You knew the following spells:

 Your Spells              Type           Power        Failure   Level
a - Magic Dart            Conj           ####         1%          1
b - Searing Ray           Conj           ####..       1%          2

Your spell library contained the following spells:

 Spells                   Type           Power        Failure   Level
 Dazzling Flash           Conj/Hex       ###...       4%          3
 Fulminant Prism          Conj/Hex       ###.......   13%         4
 Iskenderun's Mystic Bla  Conj/Tloc      ###.....     13%         4


Dungeon Overview and Level Annotations

Branches:
Dungeon (5/15)
 Temple: D:4-7

Altars:
Makhleb
Xom
The Shining One


Innate Abilities, Weirdness & Mutations

You can breathe bolts of dispelling energy.
Your rich purple scales are hard. (AC +6)
You cannot fit into any form of body armour.
You are cold-blooded and may be slowed by cold attacks.


Message History

* * * LOW HITPOINT WARNING * * *
The white imp freezes you.
* * * LOW HITPOINT WARNING * * *
The jelly barely misses you. The white imp closely misses you.
Press: ? - help, Shift-Dir - straight line, f - white imp
Aim: a white imp (moderately wounded, very poisoned)
You breathe a bolt of dispelling energy.
The bolt of dispelling energy hits the white imp.
The white imp is heavily wounded.
The jelly closely misses you.
The white imp laughs crazily.
The white imp hits you.
* * * LOW HITPOINT WARNING * * *
The white imp freezes you.
You feel yourself slow down.
* * * LOW HITPOINT WARNING * * *
Unknown command.
You hit the white imp but do no damage.
Your tail-slap misses the white imp.
The white imp is almost dead.
You hit the jelly but do no damage.
Your hands burn!
You die...

. #+# ... ..+ .
.....#+##..#....
#....5@J.....#
#.#......###.#
#.......#
######..# ..#
#.. ... ####


You could see a jelly (very poisoned) and a white imp (very poisoned).

Vanquished Creatures
  Sigmund (D:3)
  An ogre (D:4)
  A bullfrog skeleton (D:4)
  3 hounds
  Ijyb (D:3)
  An orc wizard (D:3)
  Natasha (twice) (D:3)
  A worker ant (D:3)
  A hound skeleton (D:4)
  A howler monkey skeleton (D:4)
  5 adders
  A worm (D:3)
  A dart slug (D:3)
  5 leopard geckos
  5 orcs
  9 bats
  3 giant cockroaches
  5 goblins
  4 hobgoblins
  13 jackals
  4 quokkas
  6 frilled lizards
  5 kobolds
  5 rats
84 creatures vanquished.

Vanquished Creatures (others)
  A frilled lizard (D:3)
  3 toadstools (D:1)
4 creatures vanquished.

Grand Total: 88 creatures vanquished

Notes
Turn   | Place    | Note
-------+----------+-------------------------------------------
     0 | D:1      | streetpizza the Draconian Conjurer began the quest for the
                  | Orb.
     0 | D:1      | Reached XP level 1. HP: 14/14 MP: 3/3
   365 | D:1      | Reached XP level 2. HP: 20/22 MP: 5/5
  1283 | D:2      | Reached skill level 1 in Fighting
  1311 | D:2      | Reached XP level 3. HP: 27/28 MP: 4/6
  1377 | D:2      | Learned a level 2 spell: Searing Ray
  1444 | D:2      | Found a burning altar of Makhleb.
  1781 | D:2      | Reached XP level 4. HP: 34/35 MP: 7/7
  1866 | D:2      | Found a glowing golden altar of the Shining One.
  1870 | D:2      | Found a shimmering altar of Xom.
  2314 | D:3      | Noticed Sigmund
  2645 | D:3      | Killed Sigmund
  2646 | D:3      | Reached skill level 5 in Conjurations
  2646 | D:3      | Reached XP level 5. HP: 42/42 MP: 2/9
  2646 | D:3      | Reached XP level 6. HP: 50/50 MP: 2/10
  3522 | D:3      | Noticed Natasha
  3530 | D:3      | Killed Natasha
  3631 | D:3      | Noticed Ijyb
  3656 | D:3      | Killed Ijyb
  3906 | D:3      | Noticed Natasha
  3969 | D:3      | Killed Natasha
  4273 | D:4      | Reached skill level 6 in Conjurations
  4494 | D:4      | Your scales start taking on a rich purple colour.
  4494 | D:4      | Reached XP level 7. HP: 52/57 MP: 13/13
  5289 | D:5      | Entered Level 5 of the Dungeon
  5296 | D:5      | Splashed by a jelly's acid

Illustrated notes

Levels and vault maps discovered:
D:1:      tarquinn_simple_flora_water_c, layout_basic, minmay_gold_behind_fungi
D:2:      layout_loops_ring, makhleb_blood_cavern_becter,
          nicolae_overflow_hidden_temple, minmay_pentomino_u4
D:3:      layout_basic, uniq_natasha, uniq_ijyb, uniq_sigmund
D:4:      layout_basic
D:5:      layout_basic, chequers_temple_overflow_statue_of_worship,
          hangedman_glass_garden

Skill      XL: |  1  2  3  4  5  6 |
---------------+-------------------+-----
Dodging        | 2 3 |  3.6
Fighting       | 1 2 3 |  3.5
Spellcasting   | 3 4 |  4.5
Conjurations   | 5 6 |  6.4
Stealth        | |  1.7

Action                   |  1- 3 |  4- 6 |  7- 9 || total
-------------------------+-------+-------+-------++-------
Melee: Unarmed           |    42 |    23 |       ||    65
       Tailslap          |     6 |    10 |     6 ||    22
       Hand axe          |    41 |   126 |    41 ||   208
 Cast: Magic Dart        |    15 |       |       ||    15
       Searing Ray       |       |     7 |       ||     7
 Abil: Breathe Dispellin |       |       |     3 ||     3
 Stab: Sleeping          |     1 |     2 |       ||     3
Armor: Skin              |    33 |    71 |    14 ||   118
Dodge: Dodged            |    59 |   115 |    36 ||   210

Table legend: (Time is in decaauts)
 A = Elapsed time spent in this place.
 B = Non-inter-level travel time spent in this place.
 C = Inter-level travel time spent in this place.
 D = Time resting spent in this place.
 E = Time spent auto-exploring this place.
 F = Levels seen in this place.
 G = Mean time per level.
                   A        B        C        D        E       F      G
               +--------+--------+--------+--------+--------+-----+--------+
         Total |   5362 |   4965 |    397 |    269 |   3748 |   5 | 1072.4 |
       Dungeon |   5362 |   4965 |    397 |    269 |   3748 |   5 | 1072.4 |
               +--------+--------+--------+--------+--------+-----+--------+

Top non-repeatable levels by time:
     D:3: 2028 daAuts
     D:1: 1219 daAuts
     D:2: 1058 daAuts
     D:4: 1047 daAuts
     D:5: 7 daAuts
